 Dungeon Crawl Stone Soup version 0.27-a0-1090-gb115f176c6 (webtiles) character file.

Game seed: 171138786115646824

40 barkas the Sneak (level 3, -1/30 HPs)
             Began as a Djinni Delver on Apr 27, 2021.
             Slain by a scorpion (8 damage)
             ... on level 4 of the Dungeon.
             The game lasted 00:01:26 (823 turns).

barkas the Sneak (Djinni Delver)                     Turns: 823, Time: 00:01:27

Health: -1/30      AC:  3    Str: 14    XL:     3   Next: 50%
Gold:   124        EV: 12    Int: 12    God:
                   SH:  0    Dex: 14

rFire    + + .     SeeInvis .   i - +9 mace of the First Demons {vorpal, Str+3}
rCold    x . .     Faith    .   (no shield)
rNeg     . . .     Spirit   .   b - +0 leather armour
rPois    ∞         Reflect  .   (no helmet)
rElec    .         Harm     .   (no cloak)
rCorr    .         Rampage  .   (no gloves)
Will     .....                  (boots unavailable)
Stlth    ++........             (no amulet)
HPRegen  0.10/turn              (no ring)
MPRegen  0.00/turn              (no ring)

@: flying
A: fire resistance 2, cold vulnerability 1, float, innate caster, hp casting,
extra vitality 1
a: no special abilities


You were on level 4 of the Dungeon.
You visited 1 branch of the dungeon, and saw 2 of its levels.

You collected 124 gold pieces.

Inventory:

Hand Weapons
 a - a +0 falchion
 i - the +9 mace of the First Demons (weapon) {vorpal, Str+3}
   (You found it on level 4 of the Dungeon)

   It inflicts extra damage upon your enemies.
   It affects your strength (+3).
Armour
 b - a +0 leather armour (worn)
Wands
 g - a wand of digging (3)
Scrolls
 c - a scroll of fog
 d - a scroll of magic mapping
 f - 3 scrolls of noise {unknown}
Potions
 e - a potion of magic {unknown}
 h - a potion of brilliance {unknown}


   Skills:
 + Level 3.3 Fighting
 * Level 2.7 Long Blades
 + Level 2.8 Dodging
 - Level 4.1 Stealth


You had one spell level left.
You knew the following spells:

 Your Spells              Type           Power      Damage    Failure   Level
a - Animate Skeleton      Necr           0%         N/A       38%         1
Your spell library was empty.

Dungeon Overview and Level Annotations

Branches:
Dungeon (5/15)
 Temple: D:4-7

Altars:
Trog


Innate Abilities, Weirdness & Mutations

You are immune to poison.
Your flesh is very heat resistant. (rF++)
You are vulnerable to cold. (rC-)
You float through the air rather than walking.
You learn spells naturally, not from books.
Your magical power is your life essence.
You have superior vitality. (+4 HP)


Message History

Found an iridescent mace.
A jackal comes into view.
A jackal comes into view.
The jackal barks! x2; You hear a shout!
You hit the jackal.
You kill the jackal!
A goblin comes into view. It is wielding a +0 club.
You hit the jackal.
You kill the jackal!
You see here a jackal corpse.
The goblin barely misses you.
Found a stone staircase leading down.
You hit the goblin.
You kill the goblin!
No target in view!
No target in view!
A scorpion comes into view.
The scorpion moves out of view.
You see here the +9 mace of the First Demons {vorpal, Str+3}.
i - the +9 mace of the First Demons {vorpal, Str+3} You feel stronger.
i - the +9 mace of the First Demons (weapon)
{vorpal, Str+3} A scorpion is nearby!
A scorpion is nearby!
The scorpion stings you!
You hit the scorpion.
The scorpion is moderately wounded.
The scorpion barely misses you. The scorpion stings you.
You barely miss the scorpion.
The scorpion is moderately wounded.
The scorpion stings you!
* * * LOW HITPOINT WARNING * * *
The scorpion stings you.
* * * LOW HITPOINT WARNING * * *
You are too injured to fight recklessly!
Unknown command.
You hit the scorpion.
The scorpion is severely wounded.
The scorpion misses you. The scorpion stings you!
You die...

#.. ... #.# ##.## ###
.>.... ..# #.##.# #.#
#.##.# #.##### #.##s#
#.....# #.##@# #####.#
#.###.##.# ##.##.#
#.....)..##
......#######.#...####
............†........+
#......######.#...####
##...>.# #.##.##
##.#...# #.####
##.##.## #.#


You could see a scorpion.

Vanquished Creatures
  An orc priest (D:4)
  An orc (D:5)
  An endoplasm (D:4)
  A goblin (D:4)
  5 jackals (D:4)
9 creatures vanquished.

Vanquished Creatures (others)
  2 fungi (D:4)
  3 toadstools (D:4)
5 creatures vanquished.

Grand Total: 14 creatures vanquished

Notes
Turn   | Place    | Note
-------+----------+-------------------------------------------
     0 | D:5      | barkas the Djinni Delver began the quest for the Orb.
     0 | D:5      | Reached XP level 1. HP: 20/20 MP: 0/0
    79 | D:5      | Noticed an orc priest
    79 | D:5      | Noticed an orc wizard
    79 | D:5      | Noticed an orc priest
   233 | D:4      | Killed an orc priest
   234 | D:4      | Reached XP level 2. HP: 14/25 MP: 0/0
   234 | D:4      | Reached XP level 3. HP: 17/30 MP: 0/0
   234 | D:4      | Learned a level 1 spell: Animate Skeleton
   577 | D:4      | Found a bloodstained altar of Trog.
   808 | D:4      | Noticed a scorpion
   810 | D:4      | Identified the +9 mace of the First Demons {vorpal, Str+3}
   823 | D:4      | Slain by a scorpion

Illustrated notes

Levels and vault maps discovered:
D:4:      layout_loops_corners, old_standard_altar,
          corexii_item_surrounded_by_moat, minmay_gold_behind_fungi,
          amethyst_killhole, uniq_crazy_yiuf_cottage, uniq_edmund,
          uniq_blork_the_orc
D:5:      kennysheep_spiral_hall, layout_basic, lemuel_tele_altar,
          amethyst_overflow_temple_binary, lemuel_mausoleum_altar_kikubaaqudgha,
          serial_corexii_hall, chequers_hall_statues_corner_a,
          corexii_hall_statues_i, corexii_hall_statues_i,
          corexii_hall_statues_t, uniq_prince_ribbit1

Skill      XL: |  1 |
---------------+----+-----
Long Blades    | 2 |  2.7
Fighting       | |  3.3
Dodging        | |  2.8
Stealth        | |  4.1

Action                   || total
-------------------------++-------
Melee: Falchion          ||    24
       Mace              ||     3
  Use: Scroll            ||     1
       Potion            ||     1
 Stab: Sleeping          ||     3
Armor: Leather armour    ||     4
Dodge: Dodged            ||     7
       Rpst.: Falchion   ||     1

Table legend: (Time is in decaauts)
 A = Elapsed time spent in this place.
 B = Non-inter-level travel time spent in this place.
 C = Inter-level travel time spent in this place.
 D = Time resting spent in this place.
 E = Time spent auto-exploring this place.
 F = Levels seen in this place.
 G = Mean time per level.
                   A        B        C        D        E       F      G
               +--------+--------+--------+--------+--------+-----+--------+
         Total |    808 |    808 |      0 |    297 |    251 |   2 |  404.0 |
       Dungeon |    808 |    808 |      0 |    297 |    251 |   2 |  404.0 |
               +--------+--------+--------+--------+--------+-----+--------+

Top non-repeatable levels by time:
     D:4: 725 daAuts
     D:5: 83 daAuts
